Map: Ruby Rock LE

Players

SortOf

  • Race: Zerg Zerg
  • League: Master
  • Spawn Location: 11:00

A.I. 1 (Very Easy) - Winner!

  • Race: Protoss Protoss
  • Spawn Location: 5:00

VOD

https://www.youtube.com/watch?v=2aDsQs5Rn98

Description

Time

  • Played on: April 3, 2026, 1:15 a.m.
  • Length: 7:51
Show
View Real Time Build Order
Export as new Build Order

SortOf Zerg 

Build Orders: Hatch First 

Get SALT Encoding   

  6  0:00  Drone  
  13  0:07  Drone  
  14  0:14  Extractor, Drone  
  15  0:21  Overlord  
  15  0:41  Hatchery  
  14  0:45  Drone  
  14  0:49  Drone  
  16  0:52  Drone  
  17  1:06  Spawning Pool  
  17  1:10  Drone  
  17  1:12  Extractor  
  17  1:15  Drone  
  17  1:18  Drone  
  18  1:28  Drone  
  19  1:39  Drone  
  20  1:51  Drone  
  20  1:53  Queen x2  
  20  1:54  Drone  
  26  2:00  Overlord  
  26  2:03  Zergling x2  
  27  2:11  Zergling x2  
  27  2:13  Metabolic Boost  
  28  2:20  Drone  
  29  2:23  Drone  
  29  2:26  Drone  
  29  2:29  Queen  
  33  2:33  Overlord  
  33  2:45  Drone  
  33  2:47  Hatchery  
  33  2:50  Drone  
  34  2:53  Drone  
  34  2:55  Drone  
  34  2:58  Drone  
  37  3:01  Drone x2  
  37  3:04  Drone  
  40  3:06  Overlord  
  40  3:13  Queen  
  40  3:19  Queen  
  42  3:23  Overlord  
  42  3:25  Drone  
  45  3:28  Drone  
  45  3:30  Zergling x2  
  47  3:36  Drone x3  
  47  3:37  Drone x2  
  52  3:41  Spore Crawler  
  52  3:43  Drone x2  
  53  3:49  Spore Crawler  
  53  3:50  Drone x2  
  54  4:01  Drone x3  
  57  4:03  Overlord  
  57  4:04  Drone x2  
  59  4:11  Drone  
  59  4:13  Drone  
  59  4:14  Drone x3  
  64  4:18  Spore Crawler  
  64  4:20  Overlord  
  64  4:22  Drone x2  
  65  4:29  Lair  
  65  4:31  Roach Warren  
  65  4:32  Drone x3  
  65  4:33  Overlord  
  65  4:35  Drone x2  
  65  4:37  Drone x2  
  71  4:43  Hatchery  
  70  4:45  Extractor  
  70  4:47  Drone x2, Extractor  
  70  4:49  Extractor  
  70  4:50  Drone x3  
  72  4:54  Drone x2  
  72  4:57  Zergling x6  
  77  5:00  Evolution Chamber  
  77  5:03  Drone x2  
  77  5:06  Drone x4  
  82  5:09  Extractor  
  82  5:11  Overlord  
  81  5:16  Drone x3  
  81  5:18  Extractor  
  81  5:19  Drone x4  
  87  5:21  Overlord  
  87  5:25  Zerg Missile Weapons Level 1  
  87  5:30  Infestation Pit  
  87  5:32  Hydralisk Den  
  87  5:33  Overlord  
  87  5:34  Drone x3  
  87  5:35  Drone x3  
  91  5:37  Drone x2  
  91  5:41  Drone x2, Overseer  
  95  5:47  Drone  
  95  5:49  Hatchery  
  95  5:50  Drone x2  
  95  5:52  Drone x2  
  95  5:55  Drone x3  
  102  6:02  Extractor  
  101  6:04  Muscular Augments, Overlord  
  101  6:05  Drone x5  
  101  6:06  Drone, Extractor  
  101  6:07  Hydralisk  
  101  6:09  Hydralisk  
  110  6:15  Hive  
  110  6:16  Lurker Den  
  109  6:19  Hydralisk x2  
  109  6:21  Overlord  
  113  6:26  Overlord  
  113  6:27  Overlord  
  113  6:28  Overlord  
  113  6:31  Hydralisk x4  
  121  6:35  Hydralisk x2  
  121  6:37  Overlord  
  125  6:42  Hydralisk x3  
  131  6:50  Hydralisk x5  
  131  6:53  Overlord  
  141  6:56  Zergling x10  
  146  7:03  Hydralisk x4  
  154  7:09  Zergling x8  
  154  7:10  Zergling x8  
  154  7:15  Overlord  
  162  7:17  Hydralisk x4  
  162  7:22  Drone x5  
  175  7:23  Drone x2  
  175  7:27  Hydralisk  
  177  7:33  Spine Crawler  
  177  7:36  Spine Crawler  
  175  7:39  Spine Crawler  
  188  7:49  Lurker  
Show
View Real Time Build Order
Export as new Build Order

A.I. 1 (Very Easy) Protoss - Winner!

Build Orders: 1 Gate Expand, Nexus First 

Get SALT Encoding   

  6  0:00  Probe  
  13  0:13  Probe  
  14  0:20  Pylon  
  14  0:42  Gateway  
  14  1:00  Nexus  
  14  1:20  Pylon, Zealot  
  14  1:23  Assimilator  
  16  1:36  Cybernetics Core  
  16  1:38  Probe  
  17  1:50  Probe  
  18  2:01  Assimilator, Probe  
  18  2:06  Stalker  
  19  2:09  Probe  
  22  2:17  Probe  
  22  2:18  Warp Gate  
  22  2:20  Probe  
  24  2:31  Probe  
  25  2:38  Probe  
  26  2:48  Probe  
  26  2:49  Assimilator  
  27  2:52  Pylon  
  27  2:55  Probe  
  28  3:02  Probe  
  29  3:09  Probe  
  30  3:14  Robotics Facility  
  30  3:16  Probe  
  30  3:18  Zealot  
  31  3:24  Probe  
  34  3:31  Probe  
  35  3:38  Probe  
  35  3:45  Probe  
  36  3:53  Probe  
  37  4:00  Probe  
  37  4:02  Observer  
  39  4:05  Probe  
  40  4:13  Probe  
  40  4:16  Assimilator  
  41  4:17  Probe  
  41  4:20  Observer  
  43  4:24  Probe  
  44  4:35  Probe  
  44  4:37  Sentry  
  47  4:39  Pylon  
  47  4:43  Probe  
  48  4:50  Probe  
  49  4:57  Probe  
  50  7:23  Observer  
Tags
 
Add a new tag
Caveats
  • Supply blocks, unpowered buildings, or Contaminate may cause inaccurate times.
  • Supply counts are checked every 10 seconds.